 Dungeon Crawl Stone Soup version 0.27-a0-660-g90476cec82 (webtiles) character file.

Game seed: 2399561951329364186

9686 robertstho the Arsonist (level 11, -4/81 HPs)
             Began as a Demigod Fire Elementalist on Mar 16, 2021.
             Slain by a wraith (9 damage)
             ... on level 9 of the Dungeon.
             The game lasted 00:18:35 (13617 turns).

robertstho the Arsonist (DgFE)                     Turns: 13617, Time: 00:18:37

Health: -4/81      AC:  4    Str: 15    XL:     11   Next: 6%
Magic:  18/36      EV: 13    Int: 33    God:
Gold:   626        SH:  0    Dex: 14    Spells: 13/26 levels left

rFire    x . .     SeeInvis .   q - +1 quarterstaff (spect)
rCold    + + .     Faith    .   (shield currently unavailable)
rNeg     . . .     Spirit   .   n - +1 robe {Will+}
rPois    .         Reflect  .   (no helmet)
rElec    .         Harm     .   f - scarf {+Inv}
rCorr    .         Rampage  .   F - +0 pair of gloves of Satisfaction {rF- rC++ Int+4}
Will     ++...                  (no boots)
Stlth    +++.......             A - amulet of the acrobat
HPRegen  0.23/turn              h - ring of magical power
MPRegen  0.25/turn              b - +6 ring of strength

@: slowed, very slow
A: high mp 1, forlorn
a: Evoke Invisibility


You were on level 9 of the Dungeon.
You visited 1 branch of the dungeon, and saw 9 of its levels.

You collected 626 gold pieces.

Inventory:

Hand Weapons
 m - a +1 dagger of draining
 q - a +1 spectral quarterstaff (weapon)
 s - a +3 flail of venom
 y - a +2 scimitar of flaming
Armour
 f - a scarf of invisibility (worn)
 n - a +1 robe of willpower (worn)
 F - the +0 pair of gloves of Satisfaction (worn) {rF- rC++ Int+4}
   (You found it on level 9 of the Dungeon)

   It affects your intelligence (+4).
   It makes you vulnerable to fire.
   It greatly protects you from cold.
Jewellery
 b - a +6 ring of strength (left hand)
 h - a ring of magical power (right hand)
 w - a ring of ice
 A - an amulet of the acrobat (around neck)
 D - the ring "Zarofiun" {rC+ Will+ Dex+2 Slay+3 SInv}
   (You found it on level 8 of the Dungeon)

   [ring of willpower]

   It affects your dexterity (+2).
   It affects your accuracy and damage with ranged weapons and melee attacks
   (+3).
   It protects you from cold.
   It affects your willpower, your defense against some magical effects.
   It lets you see invisible.
Wands
 o - a wand of paralysis (11)
 x - a wand of acid (20)
Scrolls
 c - 4 scrolls of teleportation
 d - 2 scrolls of enchant armour {unknown}
 e - 3 scrolls of immolation {unknown}
 j - a scroll of amnesia {unknown}
 p - a scroll of enchant weapon {unknown}
 r - 2 scrolls of fear {unknown}
 C - a scroll of magic mapping {unknown}
 E - a scroll of fog {unknown}
Potions
 a - 3 potions of attraction
 g - 4 potions of flight
 i - a potion of brilliance
 k - a potion of mutation
 l - 2 potions of curing
 t - a potion of ambrosia {unknown}
 u - a potion of might {unknown}
 v - a potion of resistance
 z - a potion of degeneration {unknown}
 B - a potion of invisibility


   Skills:
 + Level 2.6 Fighting
 + Level 1.7 Short Blades
 + Level 5.0 Staves
 + Level 3.7 Dodging
 + Level 3.9 Stealth
 * Level 8.0 Spellcasting
 * Level 8.0 Conjurations
 * Level 8.7 Fire Magic
 + Level 0.7 Evocations


You had 13 spell levels left.
You knew the following spells:

 Your Spells              Type           Power      Damage    Failure   Level
a - Foxfire               Conj/Fire      100%       2x1d9     1%          1
b - Conjure Flame         Conj/Fire      62%        6-21      1%          3
c - Sticky Flame          Conj/Fire      62%        2d8       1%          4
d - Fireball              Conj/Fire      31%        3d13      3%          5

Your spell library contained the following spells:

 Spells                   Type           Power      Damage    Failure   Level
 Inner Flame              Hex/Fire       42%        N/A       1%          3


Dungeon Overview and Level Annotations

Branches:
Dungeon (9/15)             Temple (0/1) D:7            Lair (0/6) D:8
    Orc: D:9-12

Annotations:
D:8 2 transporters


Innate Abilities, Weirdness & Mutations

Your attributes grow dramatically as you level up.
You have an increased reservoir of magic. (+10% MP)
You shall have no god before yourself.


Message History

Aim: a wraith (moderately damaged, ally target, 0% to evade)
The sticky flame hits the wraith!
The wraith is heavily damaged.
The foxfire hits the wraith.
The wraith is severely damaged.
The foxfire hits the wraith but does no damage.
The wraith is severely damaged.
The wraith hits you! The wraith drains your vigour!
You feel yourself slow down. The orc warrior completely misses you.
Casting: Sticky Flame (mildly dangerous; 1% risk of failure)
Confirm with . or Enter, or press ? or * to list all spells.
Aiming: Sticky Flame (mildly dangerous; 1% risk of failure)
Press: ? - help, Shift-Dir - straight line, f/p - wraith
Aim: a wraith (severely damaged, 0% to evade)
The sticky flame hits the wraith!
The wraith is almost destroyed.
The wraith completely misses you.
The orc warrior hits you with a +0 short sword!!
The wraith barely misses you.
Casting: Sticky Flame (mildly dangerous; 1% risk of failure)
Confirm with . or Enter, or press ? or * to list all spells.
Aiming: Sticky Flame (mildly dangerous; 1% risk of failure)
Press: ? - help, Shift-Dir - straight line, f - orc warrior, p - wraith
Aim: an orc warrior, wielding a +0 short sword and wearing a +0 plate armour (0% to evade)
The sticky flame hits the orc warrior but does no damage.
The orc warrior is covered in liquid flames!
The orc warrior burns!
The orc warrior hits you with a +0 short sword!
The wraith hits you.
The orc warrior hits you with a +0 short sword!
The orc warrior burns! x2; The wraith completely misses you.
The orc warrior burns!
Casting: Sticky Flame (mildly dangerous; 1% risk of failure)
Confirm with . or Enter, or press ? or * to list all spells.
You conjure some foxfire!
The orc warrior burns!
The orc warrior stops burning.
The orc warrior closely misses you. The wraith barely misses you.
The orc warrior hits you with a +0 short sword!!
* * * LOW HITPOINT WARNING * * *
The wraith hits you!
You die...

.#.......#....
#........#...# #
.............###.##
#..............#..##
...................##
#...............###.##
.#...................#
..#........#....vv...#
..........#.....@....#
..........#....Wo....#..
..≈≈≈....###............
.≈≈≈≈≈.#.# #............
(≈≈≈≈≈.#.####...........
.≈≈≈≈≈..#..>....).......
..≈≈≈...#...........)...
.......#.#..............
....................)...


You could see a wraith (ally target) and an orc warrior (ally target).

Vanquished Creatures
  Harold (D:7)
  Erica (D:8)
  A two-headed ogre (D:8)
  3 death yaks
  Pikel (D:7)
  The ghost of robertstho the Covered, a novice FoAK of Lugonu (D:6)
  A troll (D:9)
  Prince Ribbit (D:5)
  A vampire (D:9)
  A wyvern (D:8)
  4 yaks (D:9)
  Menkaure (D:6)
  Edmund (D:5)
  An orc warrior (D:8)
  A black bear (D:8)
  2 ice beasts
  3 sky beasts
  4 ogres
  7 centaurs
  2 bullfrogs
  6 scorpions
  5 killer bees (D:8)
  2 howler monkeys
  3 wights (D:7)
  2 centaur zombies
  6 electric eels (D:9)
  2 bullfrog zombies
  A jelly (D:6)
  3 hounds
  Crazy Yiuf (D:5)
  3 orc priests
  Jessica (D:2)
  3 iguanas
  2 hell rats (D:8)
  4 orc wizards
  A worker ant (D:6)
  2 hound skeletons
  2 worker ant zombies (D:6)
  4 gnolls (D:6)
  9 adders
  2 white imps
  An ufetubus (D:9)
  2 oozes
  An adder zombie (D:8)
  2 adder skeletons
  2 worms
  A dart slug (D:1)
  3 leopard geckos
  28 orcs
  2 giant cockroaches
  5 hobgoblins
  4 jackals (D:6)
  5 kobolds
  3 quokkas
  2 ball pythons (D:3)
  2 bats
  4 frilled lizards
  5 goblins
  A jackal skeleton (D:7)
  A jackal zombie (D:6)
  A leopard gecko zombie (D:7)
  A quokka zombie (D:6)
  3 rats
181 creatures vanquished.

Vanquished Creatures (others)
  An adder (D:9)
  533 foxfires
534 creatures vanquished.

Grand Total: 715 creatures vanquished

Notes
Turn   | Place    | Note
-------+----------+-------------------------------------------
     0 | D:1      | robertstho the Demigod Fire Elementalist began the quest
                  | for the Orb.
     0 | D:1      | Reached XP level 1. HP: 14/14 MP: 5/5
   283 | D:1      | Reached skill level 1 in Conjurations
   860 | D:1      | Reached XP level 2. HP: 13/20 MP: 4/7
  1881 | D:2      | Reached XP level 3. HP: 16/26 MP: 8/8
  2158 | D:2      | Noticed Jessica
  2170 | D:2      | Killed Jessica
  2350 | D:3      | Learned a level 3 spell: Conjure Flame
  2578 | D:3      | Reached XP level 4. HP: 31/33 MP: 9/9
  3212 | D:4      | Reached XP level 5. HP: 33/38 MP: 11/11
  3217 | D:4      | Reached skill level 1 in Short Blades
  3696 | D:4      | Noticed an ice beast
  3702 | D:4      | Killed an ice beast
  3703 | D:4      | Reached XP level 6. HP: 45/45 MP: 13/13
  3799 | D:4      | Learned a level 4 spell: Sticky Flame
  3804 | D:5      | Entered Level 5 of the Dungeon
  3893 | D:5      | Noticed Edmund
  3902 | D:5      | Killed Edmund
  4130 | D:5      | Reached XP level 7. HP: 35/50 MP: 15/15
  4239 | D:5      | Noticed Prince Ribbit
  4991 | D:5      | Killed Prince Ribbit
  4992 | D:5      | Reached skill level 5 in Fire Magic
  5222 | D:5      | Found a runed translucent door.
  5223 | D:5      | Noticed Crazy Yiuf
  5297 | D:5      | Learned a level 5 spell: Fireball
  5302 | D:5      | Killed Crazy Yiuf
  5500 | D:6      | Noticed robertstho's ghost (novice FoAK)
  5508 | D:6      | Reached skill level 5 in Conjurations
  5508 | D:6      | Reached XP level 8. HP: 57/57 MP: 18/18
  5525 | D:6      | Found a runed translucent gate.
  5525 | D:6      | Found a runed translucent gate.
  5525 | D:6      | Found a runed translucent gate.
  5696 | D:6      | Noticed Menkaure
  5701 | D:6      | Killed Menkaure
  5702 | D:6      | Reached skill level 1 in Staves
  5878 | D:6      | HP: 2/58 [bullfrog zombie (6)]
  6203 | D:6      | Reached skill level 5 in Spellcasting
  7214 | D:6      | Killed robertstho's ghost
  7215 | D:6      | Reached skill level 1 in Fighting
  7215 | D:6      | Reached XP level 9. HP: 45/64 MP: 14/21
  7497 | D:7      | Found a staircase to the Ecumenical Temple.
  8304 | D:7      | Noticed Harold
  8322 | D:7      | Killed Harold
  8588 | D:7      | Noticed Pikel
  8597 | D:7      | Killed Pikel
  8805 | D:8      | Noticed an orc knight
  8806 | D:8      | Found a transporter.
  8806 | D:8      | Noticed an ogre mage
  8809 | D:8      | Noticed Erica
  8822 | D:8      | Killed Erica
  8823 | D:8      | Reached XP level 10. HP: 36/73 MP: 24/24
  8823 | D:8      | Noticed a centaur warrior
  9580 | D:8      | Noticed a death yak
  9581 | D:8      | Identified the ring "Zarofiun" {rC+ Will+ Dex+2 Slay+3
                  | SInv}
  9583 | D:8      | Noticed a death yak
  9669 | D:7      | Killed a death yak
 10013 | D:8      | Noticed a death yak
 10476 | D:8      | HP: 1/73 [orc warrior/+0 broad axe (21)]
 10896 | D:8      | Found a staircase to the Lair.
 10910 | D:8      | Killed a death yak
 10914 | D:8      | Killed a death yak
 11360 | D:8      | Noticed a purple ugly thing
 11367 | D:8      | Noticed a tengu warrior
 11379 | D:8      | Found a transporter.
 11386 | D:8      | Noticed a two-headed ogre
 11401 | D:8      | Killed a two-headed ogre
 12237 | D:9      | Reached XP level 11. HP: 10/81 MP: 16/27
 13446 | D:9      | Reached skill level 5 in Staves
 13454 | D:9      | Identified the +0 pair of gloves of Satisfaction {rF- rC++
                  | Int+4}
 13617 | D:9      | Slain by a wraith

Illustrated notes

Levels and vault maps discovered:
D:1:      dpeg_chamrin_arrival_tetris, layout_basic, minmay_crystal_room,
          nrook_mini_vaults, chequers_hall_statues_wall_a
D:2:      layout_basic, kennysheep_jessica_study
D:3:      layout_loops_ring, makhleb_blood_cavern_becter,
          minmay_overflow_temple_star_quad, wad_orctagon
D:4:      layout_rooms
D:5:      layout_basic, serial_glass, glass_columns_a, glass_columns_a,
          grunt_ministairs_6, uniq_crazy_yiuf_cottage, uniq_edmund,
          uniq_prince_ribbit1
D:6:      layout_loops_ring, gammafunk_ghost_split, minmay_joined_circles,
          uniq_menkaure
D:7:      layout_cave_pods, grunt_temple_overflow_forces_of_nature,
          temple_statues, uniq_pikel, uniq_harold
D:8:      gammafunk_sealed_arena, layout_loops_ring,
          nemelex_xobeh_ov_fountains_minmay, dpeg_lair_monsters, uniq_erica
D:9:      layout_big_octagon, nicolae_overflow_crystal_walls, minivault_14

Skill      XL: |  1  2  3  4  5  6  7  8  9 10 11 |
---------------+----------------------------------+-----
Conjurations   | 1 2 3 4 5 6 7 8 |  8.0
Fire Magic     | 3 4 5 6 7 8 |  8.7
Stealth        | 2 3 |  3.9
Dodging        | 2 3 |  3.7
Spellcasting   | 2 3 4 5 6 7 8 |  8.0
Short Blades   | 1 |  1.7
Staves         | 2 3 4 5 |  5.0
Fighting       | 1 2 |  2.6
Evocations     | |  0.7

Action                   |  1- 3 |  4- 6 |  7- 9 | 10-12 || total
-------------------------+-------+-------+-------+-------++-------
Melee: Unarmed           |     7 |       |       |       ||     7
       Dagger            |    18 |    13 |       |       ||    31
       Quarterstaff      |       |     7 |    94 |    85 ||   186
 Cast: Foxfire           |    60 |    77 |    99 |    64 ||   300
       Sticky Flame      |       |       |    17 |    28 ||    45
       Fireball          |       |       |     4 |    10 ||    14
       Conjure Flame     |       |       |     2 |     3 ||     5
Evoke: Wand              |       |       |       |     5 ||     5
  Use: Scroll            |     7 |       |     4 |     3 ||    14
       Potion            |       |       |     4 |     1 ||     5
 Stab: Sleeping          |     3 |       |     2 |     3 ||     8
Armor: Robe              |     9 |     6 |    11 |     6 ||    32
Dodge: Dodged            |    46 |    13 |    90 |    96 ||   245

Table legend: (Time is in decaauts)
 A = Elapsed time spent in this place.
 B = Non-inter-level travel time spent in this place.
 C = Inter-level travel time spent in this place.
 D = Time resting spent in this place.
 E = Time spent auto-exploring this place.
 F = Levels seen in this place.
 G = Mean time per level.
                   A        B        C        D        E       F      G
               +--------+--------+--------+--------+--------+-----+--------+
         Total |  13651 |  13359 |    292 |   3665 |   8195 |   9 | 1516.8 |
       Dungeon |  13651 |  13359 |    292 |   3665 |   8195 |   9 | 1516.8 |
               +--------+--------+--------+--------+--------+-----+--------+

Top non-repeatable levels by time:
     D:7: 2493 daAuts
     D:6: 2166 daAuts
     D:8: 1885 daAuts
     D:9: 1745 daAuts
     D:5: 1559 daAuts
     D:2: 1195 daAuts
     D:1: 1148 daAuts
     D:3: 859 daAuts
     D:4: 598 daAuts
